 Dungeon Crawl Stone Soup version 0.29-a0-994-gc5c9f59d18 (webtiles) character file.

Game seed: 9832745622626346327

1666 vurker the Skirmisher (level 8, -15/73 HPs)
             Began as a Minotaur Hunter on Aug 3, 2022.
             Was an Initiate of Fedhas.
             Demolished by an ogre
             ... wielding a +0 giant spiked club
              (17 damage)
             ... on level 6 of the Dungeon.
             The game lasted 00:06:42 (7011 turns).

vurker the Skirmisher (Minotaur Hunter)             Turns: 7011, Time: 00:06:42

Health: -15/73     AC:  4    Str: 18    XL:     8   Next: 69%
Magic:  0/8        EV: 13    Int:  6    God:    Fedhas [......]
Gold:   251        SH:  0    Dex: 14    Spells: 7/7 levels left

rFire   . . .      SeeInvis +   a - +0 shortbow
rCold   + . .      Faith    .   (shield currently unavailable)
rNeg    . . .      Spirit   +   l - +1 leather armour {rC+}
rPois   .          Reflect  .   (helmet restricted)
rElec   .          Harm     .   (no cloak)
rCorr   .          Rampage  .   (no gloves)
Will    .....                   (no boots)
Stlth   +.........              i - amulet of guardian spirit
HPRegen 0.22/turn               d - ring of see invisible
MPRegen 0.11/turn               (no ring)

@: studying Fire Magic
A: horns 2, retaliatory headbutt
a: Renounce Religion


You were on level 6 of the Dungeon.
You worshipped Fedhas.
Fedhas was noncommittal.
You visited 2 branches of the dungeon, and saw 7 of its levels.
You also visited: Sewer.

You collected 251 gold pieces.

Inventory:

Hand Weapons
 a - a +0 shortbow (weapon)
Armour
 l - a +1 leather armour of cold resistance (worn)
   (You found it on level 2 of the Dungeon)
Jewellery
 d - a ring of see invisible (left hand)
   (You found it on level 1 of the Dungeon)
 g - a ring of fire
   (You found it on level 1 of the Dungeon)
 i - an amulet of guardian spirit (around neck)
   (You found it on level 1 of the Dungeon)
Scrolls
 b - a scroll of immolation
 c - a scroll of magic mapping {unknown}
 f - 6 scrolls of teleportation {unknown}
 h - 4 scrolls of blinking {unknown}
 j - 2 scrolls of identify {unknown}
 m - a scroll of enchant armour {unknown}
 n - 5 scrolls of fear {unknown}
 q - a scroll of noise {unknown}
 s - a scroll of amnesia {unknown}
 u - 2 scrolls of poison {unknown}
 v - a scroll of acquirement {unknown}
Potions
 e - 3 potions of might {unknown}
 k - 7 potions of curing {unknown}
 o - a potion of invisibility {unknown}
 p - a potion of haste {unknown}
 r - a potion of berserk rage {unknown}
 t - a potion of heal wounds {unknown}


   Skills:
 + Level 7.2 Fighting
 * Level 9.9 Ranged Weapons
 + Level 3.2 Armour
 + Level 3.7 Dodging
 - Level 0.7 Stealth
 + Level 2.5 Invocations


You had 7 spell levels left.
You didn't know any spells.
Your spell library contained the following spells:

 Spells                   Type           Power      Damage    Failure   Level
 Passage of Golubria      Tloc           0%         N/A       99%         4
 Silence                  Hex/Air        0%         N/A       100%        5
 Lehudib's Crystal Spear  Conj/Erth      0%         10d2      100%        8


Dungeon Overview and Level Annotations

Branches:
Dungeon (6/15)             Temple (1/1) D:4           Sewer (visited)

Altars:
Ashenzari
Cheibriados
Elyvilon
Fedhas
Gozag
Hepliaklqana
Kikubaaqudgha
Makhleb
Nemelex Xobeh
Okawaru
Qazlal
Ru
Sif Muna
Trog
Uskayaw
Vehumet
Wu Jian
Xom
Yredelemnul
Zin


Innate Abilities, Weirdness & Mutations

You have a pair of horns on your head.
You reflexively headbutt those who attack you in melee.


Message History

You shoot an arrow. The arrow hits the ogre.
The ogre hits you with a +0 giant spiked club!!
* * * LOW HITPOINT WARNING * * *
Unknown command.
There is a stone staircase leading down here.
You climb downwards.
There is a stone staircase leading up here.
Found a scroll labelled QOANAPN VEAFIC.
You see here a scroll labelled QOANAPN VEAFIC.
f - 6 scrolls labelled QOANAPN VEAFIC (gained 1) Fire: a) +0 shortbow
Aim: a wight, wielding a +0 flail and wearing a +1 robe of fire resistance (66% to hit)
You shoot an arrow.
The arrow hits the wight but does no damage.
You hear a bark!
You hear a shout!
Fire: a) +0 shortbow
Aim: a wight, wielding a +0 flail and wearing a +1 robe of fire resistance (66% to hit)
You shoot an arrow. The arrow barely misses the wight.
Fire: a) +0 shortbow
Aim: a wight, wielding a +0 flail and wearing a +1 robe of fire resistance (66% to hit)
You shoot an arrow. The arrow closely misses the wight.
Fire: a) +0 shortbow
Aim: a wight, wielding a +0 flail and wearing a +1 robe of fire resistance (66% to hit)
You shoot an arrow.
The arrow hits the wight but does no damage.
You hear a bark!
Fire: a) +0 shortbow
Aim: a wight, wielding a +0 flail and wearing a +1 robe of fire resistance (66% to hit)
You shoot an arrow.
The arrow hits the wight but does no damage.
The wight hits you with a +0 flail!
* * * LOW HITPOINT WARNING * * *
A hound comes into view.
The wight attacks as you move away! The wight completely misses you.
The hound barks!
The hound bites you.
* * * LOW HITPOINT WARNING * * *
The wight attacks as you move away! The wight hits you but does no damage.
An ogre comes into view. It is wielding a +0 giant spiked club.
The ogre shouts!
The hound attacks as you move away! The hound barely misses you.
The wight attacks as you move away! The wight hits you with a +0 flail.
* * * LOW HITPOINT WARNING * * *
The hound bites you but does no damage. The hound attacks as you move away!
The hound barely misses you.
The hound pauses to sniff the ground.
The ogre attacks as you move away!
The ogre hits you with a +0 giant spiked club!!
You die...
Fedhas appreciates your contribution to the ecosystem.

#......# #......#
#......#
###+###......#
#............#
.............#
#............#
#@O....## #h.......
#z###########
#...........#
#############.#
######.......z.....#
..........##########
.......<#.#
z.....###.#


You could see an ogre, a hound and a wight.

Vanquished Creatures
  Sigmund (D:4)
  Eustachio (D:5)
  A wyvern (D:4)
  Menkaure (D:4)
  Edmund (D:4)
  2 black bears (D:5)
  4 kobold brigands (Sewer)
  A necrophage (D:5)
  A scorpion (D:5)
  4 hounds
  An iguana (D:4)
  An orc wizard (D:4)
  Robin (D:3)
  8 adders
  3 gnolls (D:3)
  A river rat (Sewer)
  8 worms (Sewer)
  A dart slug (D:3)
  6 orcs
  8 ball pythons
  3 bats
  7 endoplasms
  5 giant cockroaches
  9 hobgoblins
  4 jackals (D:4)
  12 kobolds
  9 quokkas
  2 frilled lizards (D:2)
  15 goblins
  9 rats
130 creatures vanquished.

Vanquished Creatures (others)
  A plant (D:4)
1 creature vanquished.

Grand Total: 131 creatures vanquished

Notes
Turn   | Place    | Note
-------+----------+-------------------------------------------
     0 | D:1      | vurker the Minotaur Hunter began the quest for the Orb.
     0 | D:1      | Reached XP level 1. HP: 18/18 MP: 0/0
   398 | D:1      | Reached XP level 2. HP: 25/25 MP: 1/1
   826 | D:2      | Reached skill level 5 in Ranged Weapons
  1007 | D:2      | Reached XP level 3. HP: 31/31 MP: 2/2
  1454 | D:3      | Found a glowing drain.
  1473 | Sewer    | Entered a sewer
  1540 | Sewer    | Noticed a kobold brigand
  1549 | Sewer    | Killed a kobold brigand
  1550 | Sewer    | Reached skill level 6 in Ranged Weapons
  1550 | Sewer    | Reached XP level 4. HP: 32/40 MP: 1/3
  1821 | Sewer    | Noticed a kobold brigand
  1839 | Sewer    | Killed a kobold brigand
  1840 | Sewer    | Reached XP level 5. HP: 33/47 MP: 1/4
  2233 | Sewer    | Reached skill level 7 in Ranged Weapons
  2236 | Sewer    | Reached XP level 6. HP: 46/55 MP: 3/5
  2353 | Sewer    | Reached skill level 5 in Fighting
  2575 | D:3      | Found a hide-covered altar of Uskayaw.
  2665 | D:3      | Noticed Robin
  2694 | D:3      | Killed Robin
  3729 | D:4      | Reached skill level 8 in Ranged Weapons
  3729 | D:4      | Reached XP level 7. HP: 52/61 MP: 3/6
  3911 | D:4      | Found a radiant altar of Vehumet.
  3914 | D:4      | Found an ancient bone altar of Kikubaaqudgha.
  3988 | D:4      | Noticed Menkaure
  3997 | D:4      | Killed Menkaure
  4289 | D:4      | Found a blossoming altar of Fedhas.
  4299 | D:4      | Noticed Edmund
  4321 | D:4      | Killed Edmund
  4714 | D:4      | Found a staircase to the Ecumenical Temple.
  4729 | Temple   | Entered the Ecumenical Temple
  4968 | D:4      | Became a worshipper of Fedhas Madash
  5000 | D:5      | Entered Level 5 of the Dungeon
  5000 | D:5      | Noticed Eustachio
  5038 | D:5      | Killed Eustachio
  5039 | D:5      | Reached skill level 9 in Ranged Weapons
  5039 | D:5      | Reached skill level 1 in Armour
  5191 | D:5      | Reached skill level 1 in Invocations
  5191 | D:5      | Reached XP level 8. HP: 70/71 MP: 7/7
  6324 | D:4      | Noticed Sigmund
  6341 | D:4      | Killed Sigmund
  6949 | D:5      | HP: 1/73 [ogre/+0 giant spiked club (29)]
  7005 | D:6      | HP: 3/73 [wight/+0 flail (10)]
  7011 | D:6      | Demolished by an ogre

Illustrated notes

Levels and vault maps discovered:
D:1:      ncdulo_lavacross, layout_basic, due_unseen_surprise
D:2:      minmay_wonky_spiral, layout_basic
D:3:      layout_basic, eat_drink_and_be_merry_uskayaw, gup_sewer_entry_pipe,
          glass_columns_a, serial_bayou_pond_c, kennysheep_big_empty_room,
          uniq_robin
D:4:      layout_loops_ring, lemuel_round_altar, nicolae_overflow_squiral,
          minmay_temple_entry_gardened_gates, grunt_ministairs_15,
          minmay_manual_maat, uniq_edmund, uniq_sigmund, uniq_menkaure
D:5:      layout_basic, uniq_eustachio
D:6:      cheibrodos_quashed, layout_basic, tso_oasis_becter, serial_shops, shop
Temple:   eino_temple_scatter_basement

Skill      XL: |  1  2  3  4  5  6  7  8 |
---------------+-------------------------+-----
Fighting       | 3 4 5 6 7 |  7.2
Ranged Weapons | 5 6 7 8 9 |  9.9
Armour         | 1 3 |  3.2
Invocations    | 1 2 |  2.5
Dodging        | 3 |  3.7
Stealth        | |  0.7

Action                   |  1- 3 |  4- 6 |  7- 9 || total
-------------------------+-------+-------+-------++-------
 Fire: Shortbow          |   122 |   224 |   186 ||   532
Armor: Leather armour    |     9 |    20 |    27 ||    56
Dodge: Dodged            |    30 |    65 |    86 ||   181

Table legend: (Time is in decaauts)
 A = Elapsed time spent in this place.
 B = Non-inter-level travel time spent in this place.
 C = Inter-level travel time spent in this place.
 D = Time resting spent in this place.
 E = Time spent auto-exploring this place.
 F = Levels seen in this place.
 G = Mean time per level.
                   A        B        C        D        E       F      G
               +--------+--------+--------+--------+--------+-----+--------+
         Total |   7251 |   6954 |    297 |      0 |   5888 |   8 |  906.4 |
       Dungeon |   5857 |   5574 |    283 |      0 |   4778 |   6 |  976.2 |
        Temple |    189 |    175 |     14 |      0 |    161 |   1 |  189.0 |
         Sewer |   1204 |   1204 |      0 |      0 |    949 |   1 | 1204.0 |
               +--------+--------+--------+--------+--------+-----+--------+

Top non-repeatable levels by time:
     D:4: 1687 daAuts
     D:5: 1395 daAuts
     D:3: 1288 daAuts
   Sewer: 1204 daAuts
     D:1: 740 daAuts
     D:2: 708 daAuts
  Temple: 189 daAuts
     D:6: 36 daAuts
